 Dungeon Crawl Stone Soup version 0.31.0 (webtiles) character file.

Game seed: 7519866356880242285

91 SnakkuSnakku7 the Chopper (level 4, -5/35 HPs)
             Began as a Formicid Cinder Acolyte on Jan 20, 2024.
             Was a High Priest of Ignis.
             Slain by an iguana (7 damage)
             ... on level 4 of the Dungeon.
             The game lasted 00:03:20 (2164 turns).

SnakkuSnakku7 the Chopper (Formicid Cinder Acolyte) Turns: 2164, Time: 00:03:20

Health: -5/35      AC: 19    Str: 19    XL:     4   Next: 87%
Magic:  5/5        EV:  7    Int: 13    God:    Ignis [*****.]
Gold:   163        SH:  0    Dex: 13    Spells: 5/5 levels left

rFire   + . .        c - +0 hand axe (vamp)
rCold   . . .        (no shield)
rNeg    . . .        t - +0 chain mail
rPois   .            (helmet unavailable)
rElec   .            (no cloak)
rCorr   .            (no gloves)
SInv    +            n - +1 pair of boots
Will    +....        i - amulet of the acrobat Stlth
                     (no ring)
HPRegen 0.25/turn    (no ring)
MPRegen 0.09/turn

%: acrobat
@: fiery-armoured, enlightened, flying
A: permanent stasis, dig shafts and tunnels, antennae 3, four strong arms,
iridescent scales 1, agile 1, devolution 1
a: Dig, Shaft Self, Renounce Religion, Fiery Armour, Foxfire Swarm, Rising Flame


You were on level 4 of the Dungeon.
You worshipped Ignis.
Ignis was extremely pleased with you.
You visited 1 branch of the dungeon, and saw 4 of its levels.

You collected 163 gold pieces.

Inventory:

Hand Weapons
 a - a -1 hand axe of flaming
 c - a +0 vampiric hand axe (weapon)
Missiles
 j - 3 curare-tipped darts (quivered)
 u - a throwing net
Armour
 b - a +0 robe
 k - a +0 ring mail
 n - a +1 pair of boots (worn)
 t - a +0 chain mail (worn)
Jewellery
 i - an amulet of the acrobat (around neck)
Scrolls
 g - a scroll of noise {unknown}
 h - 3 scrolls of teleportation {unknown}
 l - a scroll of blinking {unknown}
 p - a scroll of immolation {unknown}
 q - a scroll of fear {unknown}
 r - a scroll of enchant weapon {unknown}
 v - a scroll of fog {unknown}
 w - a scroll of identify {unknown}
Potions
 d - a potion of might {unknown}
 e - a potion of heal wounds {unknown}
 f - 2 potions of enlightenment
 m - a potion of curing {unknown}
 o - 2 potions of mutation
 s - a potion of lignification {unknown}


   Skills:
 - Level 3.2 Fighting
 + Level 5.2 Axes
 - Level 1.1 Spellcasting
 - Level 3.0 Fire Magic


You had 5 spell levels left.
You didn't know any spells.
Your spell library contained the following spells:

 Spells                   Type           Power      Damage    Failure   Level
 Scorch                   Fire           16%        2d5       77%         2


Dungeon Overview and Level Annotations

Branches:
Dungeon (4/15)
 Temple: D:4-7

Altars:
Trog
Yredelemnul


Innate Abilities, Weirdness & Mutations

You cannot be hasted, slowed, berserked, paralysed or teleported.
You can dig through walls and to a lower floor.
You have a pair of large antennae on your head. (SInv)
Your four strong arms can wield two-handed weapons with a shield.
You are partially covered in iridescent scales. (AC +2)
You are agile. (Dex +4, Str/Int -1)
You have hidden genetic defects.


Message History

You hit the orc.
You feel better.
You kill the orc!
You hit the orc but do no damage.
You feel sick. The orc barely misses you.
Unknown command.
You hit the orc.
You feel better.
The orc is severely wounded.
You hear the slow hiss of a distant avalanche of sand.
You feel sick. The orc hits you but does no damage.
You slash the orc!
You feel better.
You kill the orc!
You feel sick.
An iguana comes into view.
Found 6 stones.
You feel sick.
The iguana hisses angrily.
The iguana bites you!
* * * LOW HITPOINT WARNING * * *
Things that are here:
a +0 whip; a +0 scale mail; an orc corpse It was a potion of enlightenment.
You feel very buoyant.
You fly up into the air.
* * * LOW HITPOINT WARNING * * *
You feel sick.
You are no longer poisoned.
The iguana barely misses you.
It was a potion of mutation.
You feel extremely strange.
You feel agile.
You feel a hidden malignance growing inside you.
Iridescent scales grow over part of your body.
The iguana barely misses you.
Unknown command.
A protective cloak of flame settles atop you.
The iguana bites you but does no damage.
The iguana is burned by your cloak of flames.
The iguana is moderately wounded.
Unknown command.
You closely miss the iguana.
The iguana is moderately wounded.
The iguana bites you!
You die...

#...........#...#
#...........#...#.....#
#..........##...#.(...#
#..........##...#.....#
#..........#....#.....#
+..........#....#.....#
###......'....#.....#
#+####+####'#.....#
#))@l# #....# #....#
#....# #....# #....#
#....# #....#


You could see an iguana.

Vanquished Creatures
  2 adders
  3 orcs (D:4)
  10 endoplasms
  3 giant cockroaches
  8 goblins
  7 hobgoblins
  4 jackals (D:1)
  5 kobolds
  2 quokkas
  4 ball pythons
  5 bats
  3 frilled lizards (D:2)
  4 rats
60 creatures vanquished.

Notes
Turn   | Place    | Note
-------+----------+-------------------------------------------
     0 | D:1      | SnakkuSnakku7 the Formicid Cinder Acolyte began the quest
                  | for the Orb.
     0 | D:1      | Reached XP level 1. HP: 18/18 MP: 2/2
   186 | D:1      | Reached XP level 2. HP: 24/24 MP: 3/3
   280 | D:1      | Reached skill level 4 in Axes
   280 | D:1      | Reached XP level 3. HP: 29/29 MP: 4/4
   877 | D:2      | Reached XP level 4. HP: 35/35 MP: 5/5
  1567 | D:3      | Reached skill level 5 in Axes
  1636 | D:3      | Found a basalt altar of Yredelemnul.
  1728 | D:3      | Found a bloodstained altar of Trog.
  2161 | D:4      | HP: 1/35 [poisoned by an orc]
  2162 | D:4      | Gained mutation: You are agile. (Dex +4, Str/Int -1)
                  | [potion of mutation]
  2162 | D:4      | Gained mutation: You have hidden genetic defects. [potion
                  | of mutation]
  2162 | D:4      | Gained mutation: You are partially covered in iridescent
                  | scales. (AC +2) [potion of mutation]
  2164 | D:4      | Slain by an iguana

Illustrated notes

Levels and vault maps discovered:
D:1:      ebering_trefoil_twist, layout_basic
D:2:      layout_loops_ring
D:3:      layout_loops_ring, yredelemnul_altar_generic, trog_hazing_becter,
          grunt_decor_resistance, chequers_serial_rivers_large_b
D:4:      layout_gridville, zin_angel, nicolae_overflow_quartered_altars,
          lightli_ossuary_entry_decrepit_ruins, uniq_pargi

Skill      XL: |  1  2  3  4 |
---------------+-------------+-----
Axes           | 4 5 |  5.2
Fighting       | |  3.2
Spellcasting   | |  1.1
Fire Magic     | |  3.0

Action                     |  1- 3 |  4- 6 || total
---------------------------+-------+-------++-------
  Melee: Hand axe          |    90 |   100 ||   190
         Punch             |       |     2 ||     2
 Invoke: Fiery Armour      |     1 |     1 ||     2
    Use: Potion            |       |     2 ||     2
   Stab: Sleeping          |     1 |       ||     1
 Armour: Robe              |    49 |       ||    49
         Ring mail         |    12 |    27 ||    39
         Chain mail        |       |    54 ||    54
  Dodge: Dodged            |    49 |    70 ||   119
